 Dungeon Crawl Stone Soup version 0.31-a0-841-g038b102fc3 (webtiles) character file.

Game seed: 15313494745706198808

24 javelincjr the Magician (level 3, -1/21 HPs)
             Began as an Octopode Hedge Wizard on Sept 27, 2023.
             Killed by nerve-wracking pain
             ... invoked by Jessica
              (8 damage)
             ... on level 2 of the Dungeon.
             The game lasted 00:02:05 (1115 turns).

javelincjr the Magician (Octopode Hedge Wizard)     Turns: 1115, Time: 00:02:06

Health: -1/21      AC:  1    Str:  9    XL:     3   Next: 2%
Magic:  1/7        EV: 13    Int: 18    God:
Gold:   55         SH:  0    Dex: 11    Spells: 7/8 levels left

rFire   . . .        a - +0 dagger
rCold   . . .        (no shield)
rNeg    . . .        b - +0 hat
rPois   .            (no amulet)
rElec   .            (no ring)
rCorr   .            (no ring)
SInv    .            (no ring)
Will    .....        (no ring)
Stlth   +++          (no ring)
HPRegen 0.23/turn    (no ring)
MPRegen 0.10/turn    (no ring)
                     (no ring)

%: no passive effects
@: no status effects
A: almost no armour, amphibious, 8 rings, camouflage 1, gelatinous body 1,
(nimble swimmer 1), tentacles
a: no special abilities


You were on level 2 of the Dungeon.
You visited 1 branch of the dungeon, and saw 2 of its levels.

You collected 55 gold pieces.

Inventory:

Hand Weapons
 a - a +0 dagger (weapon)
Armour
 b - a +0 hat (worn)
Scrolls
 e - a scroll of identify {unknown}
Potions
 c - a potion of magic
 d - a potion of resistance {unknown}


   Skills:
 + Level 2.2 Dodging
 + Level 3.1 Stealth
 + Level 3.2 Spellcasting
 + Level 1.3 Conjurations
 + Level 1.4 Summonings
 + Level 1.3 Translocations


You had 7 spell levels left.
You knew the following spells:

 Your Spells              Type           Power      Damage    Failure   Level
a - Magic Dart            Conj           28%        1d4       10%         1

Your spell library contained the following spells:

 Spells                   Type           Power      Damage    Failure   Level
 Blink                    Tloc           14%        N/A       14%         2
 Call Imp                 Summ           16%        N/A       14%         2
 Slow                     Hex            8%         N/A       16%         1
 Cigotuvi's Dreadful Rot  Necr/Pois/Air  4%         N/A       24%         2
 Mephitic Cloud           Conj/Pois/Air  4%         N/A       38%         3
 Haunt                    Necr/Summ      2%         N/A       100%        7
 Borgnjor's Revivificati  Necr           1%         N/A       100%        8
 Death's Door             Necr           1%         N/A       100%        9


Dungeon Overview and Level Annotations

Branches:
Dungeon (2/15)

Altars:

Shops:
D:2 =

Annotations:
D:2 Jessica


Innate Abilities, Weirdness & Mutations

You cannot wear most types of armour.
You are amphibious.
You can wear up to eight rings at the same time.
Your skin changes colour to match your surroundings (Stealth+).
Your rubbery body absorbs attacks. (AC +1, EV +1)
((You are camouflaged when in or above water. (Stealth+)))
You have tentacles for arms and can constrict up to eight enemies at once.


Message History

The magic dart hits the kobold.
You kill the kobold!
Your magical contamination has completely faded away.
Magic restored.
Found 6 stones.
Jessica the Apprentice Sorceress comes into view.
She is wielding a +0 club and wearing a +1 robe of willpower.
Found 9 gold pieces.
You miscast Magic Dart.
You are very lightly contaminated with residual magic.
Nothing appears to happen.
The magic dart hits Jessica but does no damage.
Jessica mumbles some strange words.
Jessica seems to speed up.
The magic dart hits Jessica but does no damage.
The magic dart hits Jessica.
Jessica is lightly wounded.
The magic dart hits Jessica but does no damage.
Jessica is lightly wounded.
The magic dart hits Jessica.
Jessica is moderately wounded.
Jessica closely misses you. Jessica casts a spell at you.
Pain shoots through your body!
The magic dart hits Jessica.
Jessica is heavily wounded.
Jessica barely misses you.
Your magical contamination has completely faded away.
You hit Jessica. Your grab misses Jessica.
Jessica is heavily wounded.
Jessica barely misses you. Jessica closely misses you.
You hit Jessica. Your grab misses Jessica.
Jessica is severely wounded.
Jessica points at you and mumbles some strange words.
Pain shoots through your body!
You hit Jessica but do no damage. Your grab misses Jessica.
Your squeeze misses Jessica.
Jessica is severely wounded.
Jessica casts a spell at you. Pain shoots through your body!
You die...

###### #....# ######
#....# #..... #....#
#.#### #....#####.#
##########..........#
........##....#.....#
$.......##....#.....####
......@@....>.##'##.#...
..............##.##.#.##
.....(........##.##.#...
..............##.##.#..#
.....#######.###.##.#..#
..... #'# #.# #..# ....
... ..# #..# .... .....#
####


You could see Jessica (fast).

Vanquished Creatures
  A dart slug (D:1)
  2 bats (D:1)
  An endoplasm (D:1)
  2 giant cockroaches
  3 hobgoblins
  2 jackals (D:1)
  3 kobolds
  2 ball pythons (D:1)
  A frilled lizard (D:1)
  3 rats (D:1)
20 creatures vanquished.

Notes
Turn   | Place    | Note
-------+----------+-------------------------------------------
     0 | D:1      | javelincjr the Octopode Hedge Wizard began the quest for
                  | the Orb.
     0 | D:1      | Reached XP level 1. HP: 11/11 MP: 4/4
   294 | D:1      | Reached XP level 2. HP: 17/17 MP: 4/6
   976 | D:2      | Found Naorch Vokhim's Jewellery Shoppe.
   984 | D:2      | Reached XP level 3. HP: 21/21 MP: 7/7
  1105 | D:2      | Noticed Jessica
  1115 | D:2      | Killed from afar by Jessica

Illustrated notes

Levels and vault maps discovered:
D:1:      minmay_arrival_doors, layout_basic
D:2:      layout_basic, serial_shops, shop, kennysheep_another_room, uniq_robin,
          uniq_jessica

Skill      XL: |  1  2 |
---------------+-------+-----
Stealth        | 3 |  3.1
Dodging        | |  2.2
Spellcasting   | |  3.2
Conjurations   | |  1.3
Summonings     | |  1.4
Translocations | |  1.3

Action                     || total
---------------------------++-------
  Melee: Dagger            ||    32
         Constrict         ||     6
         Punch             ||     1
         Tentacles         ||     3
   Cast: Magic Dart        ||    41
 Armour: Skin              ||    19
  Dodge: Dodged            ||    23

Table legend: (Time is in decaauts)
 A = Elapsed time spent in this place.
 B = Non-inter-level travel time spent in this place.
 C = Inter-level travel time spent in this place.
 D = Time resting spent in this place.
 E = Time spent auto-exploring this place.
 F = Levels seen in this place.
 G = Mean time per level.
                   A        B        C        D        E       F      G
               +--------+--------+--------+--------+--------+-----+--------+
         Total |   1114 |   1094 |     20 |      0 |    968 |   2 |  557.0 |
       Dungeon |   1114 |   1094 |     20 |      0 |    968 |   2 |  557.0 |
               +--------+--------+--------+--------+--------+-----+--------+

Top non-repeatable levels by time:
     D:1: 926 daAuts
     D:2: 188 daAuts
